 Dungeon Crawl Stone Soup version 0.22.1-1-ga44c0e56f4 (webtiles) character file.

198 Jynx the Cudgeler (level 5, -1/32 HPs)
             Began as a Gargoyle Fighter on Oct 16, 2018.
             Slain by a scorpion (5 damage)
             ... on level 4 of the Dungeon.
             The game lasted 00:03:31 (2098 turns).

Jynx the Cudgeler (Gargoyle Fighter)                Turns: 2098, Time: 00:03:32

Health: -1/32      AC: 13    Str: 20    XL:     5   Next: 76%
Magic:  5/5        EV:  7    Int:  8    God:
Gold:   117        SH:  9    Dex: 10    Spells: 4/4 levels left

rFire    . . .     SeeInvis .   a - +0 flail
rCold    . . .     Gourm    .   c - +0 shield
rNeg     + . .     Faith    .   b - +0 scale mail
rPois    ∞         Spirit   .   (no helmet)
rElec    +         Reflect  .   k - +0 cloak
rCorr    .         Harm     .   (no gloves)
MR       .....                  j - +0 pair of boots
Stlth    ..........             (no amulet)
HPRegen  0.10/turn              (no ring)
MPRegen  0.09/turn              (no ring)

@: no status effects
A: negative energy resistance 1, electricity resistance, unbreathing,
petrification resistance, rot immunity, AC +4
a: no special abilities


You were on level 4 of the Dungeon.
You were not hungry.

You visited 1 branch of the dungeon, and saw 4 of its levels.

You collected 117 gold pieces.

Inventory:

Hand Weapons
 a - a +0 flail (weapon)
Armour
 b - a +0 scale mail (worn)
 c - a +0 shield (worn)
 j - a +0 pair of boots (worn)
 k - a +0 cloak (worn)
Jewellery
 g - a +4 ring of intelligence {unknown}
 l - an uncursed amulet of regeneration {unknown}
Wands
 u - a wand of flame (18)
Scrolls
 i - 2 scrolls of remove curse {unknown}
 o - 2 scrolls of teleportation {unknown}
 r - a scroll of identify {unknown}
 s - a scroll of noise {unknown}
 t - a scroll of amnesia {unknown}
Potions
 d - a potion of might
 e - a potion of heal wounds {unknown}
 h - 2 potions of curing {unknown}
 m - 2 potions of invisibility {unknown}
 n - a potion of cancellation {unknown}
 p - a potion of brilliance {unknown}
 q - a potion of ambrosia {unknown}
Comestibles
 f - 7 rations


   Skills:
 - Level 3.2 Fighting
 + Level 5.8 Maces & Flails
 - Level 3.2 Armour
 - Level 3.2 Shields


You had 4 spell levels left.
You didn't know any spells.
Your spell library contained the following spells:

 Spells                   Type           Power        Failure   Level  Hunger
 Corona                   Hex            #......      99%         1    ##.....
 Ensorcelled Hibernation  Hex/Ice        #.....       100%        2    ###....
 Confuse                  Hex            #.......     100%        3    ####...
 Dazzling Spray           Conj/Hex       #.....       100%        3    ####...
 Tukima's Dance           Hex            #.......     100%        3    ####...


Dungeon Overview and Level Annotations

Branches:
Dungeon (4/15)
 Temple: D:4-7

Altars:
Ashenzari
Fedhas
Gozag
Nemelex Xobeh
Uskayaw
Zin


Innate Abilities, Weirdness & Mutations

You are resistant to torment.
Your stone body is resilient. (AC +4)
You are immune to poison.
You resist negative energy. (rN+)
You are resistant to electric shocks. (rElec)
You can survive without breathing.
You are immune to petrification.
You are immune to rotting.


Message History

* * * LOW HITPOINT WARNING * * *
You hit the scorpion.
The scorpion is heavily wounded.
You block the orc's attack.
The scorpion stings you but does no damage.
You closely miss the scorpion.
The scorpion is heavily wounded.
The orc hits you but does no damage. You block the scorpion's attack.
You closely miss the scorpion.
The scorpion is heavily wounded.
The orc hits you but does no damage. You block the scorpion's attack.
You hit the scorpion.
The scorpion is heavily wounded.
The scorpion stings you.
* * * LOW HITPOINT WARNING * * *
You block the orc's attack.
You hit the scorpion but do no damage.
The scorpion is heavily wounded.
The scorpion stings you.
You die...

### ######## ..# ..##..
..#######.##.# .
..#.......##.#+#####....
..#.......'....)@.......
..#.......###...so......
..#........##...........
..'.....................
..#.......###...........
..######### #...........
'## #........... .#
############ .#


You could see a scorpion and an orc.

Vanquished Creatures
  A crimson imp (D:3)
  An orc priest (D:4)
  An iguana (D:4)
  Jessica (D:2)
  Robin (D:2)
  A worm (D:2)
  7 orcs
  4 ball pythons
  8 bats
  A giant cockroach (D:3)
  15 goblins
  6 hobgoblins
  3 frilled lizards
  5 kobolds
  5 rats
60 creatures vanquished.

Notes
Turn   | Place    | Note
-------+----------+-------------------------------------------
     0 | D:1      | Jynx the Gargoyle Fighter began the quest for the Orb.
     0 | D:1      | Reached XP level 1. HP: 14/14 MP: 1/1
   172 | D:1      | Reached XP level 2. HP: 19/19 MP: 2/2
   455 | D:1      | Reached skill level 3 in Maces & Flails
   604 | D:1      | Found a glowing silver altar of Zin.
   650 | D:2      | Noticed Jessica
   653 | D:2      | Killed Jessica
   653 | D:2      | Reached XP level 3. HP: 23/23 MP: 3/3
   692 | D:2      | Found a sparkling altar of Nemelex Xobeh.
   714 | D:2      | Reached skill level 4 in Maces & Flails
   789 | D:2      | Noticed Robin
   820 | D:2      | Killed Robin
   820 | D:2      | Reached XP level 4. HP: 22/28 MP: 4/4
  1052 | D:2      | Found a blossoming altar of Fedhas.
  1183 | D:2      | Found a shattered altar of Ashenzari.
  1600 | D:3      | Found a hide-covered altar of Uskayaw.
  1600 | D:3      | Noticed a hand axe
  1600 | D:3      | Noticed a hand axe
  1609 | D:3      | Reached skill level 5 in Maces & Flails
  1609 | D:3      | Reached XP level 5. HP: 32/32 MP: 5/5
  1992 | D:4      | Found an opulent altar of Gozag.
  2098 | D:4      | Slain by a scorpion

Skill      XL: |  1  2  3  4 |
---------------+-------------+-----
Maces & Flails | 3 4 5 |  5.8
Fighting       | |  3.2
Armour         | |  3.2
Shields        | |  3.2

Action                   |  1- 3 |  4- 6 || total
-------------------------+-------+-------++-------
Melee: Flail             |    90 |   100 ||   190
  Eat: Chunk             |       |     4 ||     4
Armor: Scale mail        |    60 |    57 ||   117
Dodge: Dodged            |    28 |    36 ||    64
Block: Shield            |    65 |    54 ||   119
